 Dungeon Sprint DCSS version 0.28-a0-1087-gf3fc490d9d (webtiles) character file.

Game seed: 47456267727948596

19789 rocky1 the Formicid Aeon (level 13, -4/108 HPs)
             Began as a Formicid Fighter on Dec 11, 2021.
             Was the Champion of Cheibriados.
             Slain by a vampire knight (11 damage)
             ... in the Dungeon (Sprint VII: "The Pits").
             The game lasted 00:17:08 (3595 turns).

rocky1 the Formicid Aeon (Formicid Fighter)         Turns: 3595, Time: 00:17:11

Health: -4/108     AC: 14    Str: 43    XL:     13   Next: 7%
Magic:  4/27       EV: 22    Int: 24    God:    Cheibriados [******]
Gold:   0          SH:  9    Dex: 25    Spells: 12/12 levels left

rFire   . . .      SeeInvis +   a - +2 war axe (freeze)
rCold   . . .      Faith    .   c - +0 buckler
rNeg    . . .      Spirit   .   p - +4 scale mail
rPois   .          Reflect  .   (helmet unavailable)
rElec   .          Harm     .   (no cloak)
rCorr   .          Rampage  .   o - +0 pair of gloves
Will    +....                   (no boots)
Stlth   +.........              (no amulet)
HPRegen 0.28/turn               m - +3 ring of evasion
MPRegen 0.20/turn               t - +3 ring of strength

@: very slow
A: permanent stasis, dig shafts and tunnels, antennae 3, four strong arms
a: Dig, Renounce Religion, Bend Time, Temporal Distortion, Slouch, Step From
Time


You were in the Dungeon.
You worshipped Cheibriados.
Cheibriados was exalted by your worship.
You visited 1 branch

Inventory:

Hand Weapons
 a - a +2 war axe of freezing (weapon)
 b - a +0 longbow
 k - a +2 long sword of holy wrath
 l - a +2 morningstar of protection
 q - a +0 war axe
 G - the +9 lajatang of Beogh's Supremacy {vorpal, Int+2}
   (You found it in the Dungeon)

   It inflicts extra damage upon your enemies.
   Int:       It affects your intelligence (+2).
Missiles
 s - 2 throwing nets
 u - 31 arrows
 B - 21 bolts
Armour
 c - a +0 buckler (worn)
 o - a +0 pair of gloves (worn)
 p - a +4 scale mail (worn)
 r - a +0 troll leather armour
Jewellery
 m - a +3 ring of evasion (left hand)
 t - a +3 ring of strength (right hand)
 w - a ring of resist corrosion
 z - a ring of willpower
 A - a +6 ring of strength
Scrolls
 i - 6 scrolls of amnesia
 j - a scroll of summoning
 x - 2 scrolls of fog
 y - a scroll of identify
 C - 6 scrolls of enchant weapon
 D - 2 scrolls of enchant armour
 F - a scroll of fear
Potions
 d - 5 potions of might
 e - 10 potions of curing
 f - 6 potions of heal wounds
 g - 4 potions of magic
 h - a potion of invisibility
 n - a potion of brilliance
 v - a potion of flight
 E - 2 potions of mutation


   Skills:
 - Level 12.1 Fighting
 - Level 5.5 Long Blades
 - Level 15.0 Axes
 + Level 7.5 Staves
 - Level 6.0 Bows
 - Level 12.2 Armour
 - Level 9.8 Dodging
 - Level 12.1 Shields
 + Level 20.1 Invocations


You had 12 spell levels left.
You didn't know any spells.
Your spell library contained the following spells:

 Spells                   Type           Power      Damage    Failure   Level
 Animate Skeleton         Necr           0%         N/A       22%         1
 Beastly Appendage        Tmut           0%         N/A       22%         1
 Freeze                   Ice            0%         1d3       22%         1
 Slow                     Hex            0%         N/A       22%         1
 Summon Small Mammal      Summ           0%         N/A       22%         1
 Wereblood                Tmut           0%         N/A       32%         2
 Inner Flame              Hex/Fire       0%         N/A       54%         3
 Spider Form              Tmut/Pois      0%         N/A       54%         3
 Vampiric Draining        Necr           0%         2d6       54%         3
 Simulacrum               Ice/Necr       0%         N/A       100%        6
 Dragon's Call            Summ           0%         N/A       100%        9
 Polar Vortex             Ice            0%         N/A       100%        9


Dungeon Overview and Level Annotations

Branches:
Dungeon (1/1)

Altars:
Ashenzari
Cheibriados
Dithmenos
Elyvilon
Fedhas
Gozag
Hepliaklqana
Kikubaaqudgha
Makhleb
Nemelex Xobeh
Okawaru
Qazlal
Ru
Sif Muna
Trog
Uskayaw
Vehumet
Wu Jian
Xom
Yredelemnul
Zin
The Shining One
Beogh
Jiyva
Lugonu


Innate Abilities, Weirdness & Mutations

You cannot be hasted, slowed, berserked, paralysed or teleported.
You can dig through walls and to a lower floor.
You have a pair of large antennae on your head. (SInv)
Your four strong arms can wield two-handed weapons with a shield.


Message History

* * * LOW HITPOINT WARNING * * *
The vampire knight is healed by the life force!
You feel much better.
Two slime creatures merge to form a large slime creature.
The vampire knight gestures wildly while chanting.
The vampire knight seems to speed up.
Unknown command.
Activating: Slouch (0% risk of failure)
Press: ? - help, Dir - look around, f - activate You can feel time thicken for a moment.
The vampire knight hits you with a +0 dire flail!
The vampire knight bites you.
* * * LOW HITPOINT WARNING * * *
The vampire knight draws strength from your injuries!
The ettin barely misses you. The ettin completely misses you.
You don't have enough magic at the moment.
Unknown command.
You feel much better.
The vampire knight hits you with a +0 dire flail!
The vampire knight closely misses you.
The vampire knight draws life force from you!
* * * LOW HITPOINT WARNING * * *
The vampire knight is healed by the life force!
You block the ettin's attack. The ettin closely misses you.
You feel much better.
The vampire knight draws life force from you!!
The vampire knight is healed by the life force!
A slime creature comes into view.
The ettin hits you with a +0 dire flail!!
* * * LOW HITPOINT WARNING * * *
You block the ettin's attack.
Okay, then.
Unknown command.
As you read the scroll of fear, it crumbles to dust.
You assume a fearsome visage.
The ettin looks frightened!
The large slime creature looks frightened!
The vampire knight is unaffected.
The slime creature looks frightened!
The slime creature quivers.
The vampire knight barely misses you. The vampire knight bites you!
You die... { {{ # {{ { # { { { # { {{{{

{ + { {{{ + #
#######################
#....V...............''
#.....@..............''
#..###C############..##
#. #)#.# { { #..##


{{{{{{ #.# #J# { { #..## {{{{{{{ ## #)# { { {#..## {{{{{{{ #J# { { #..## {{{{{{{
#|# #..## ## # ########## # You could see a vampire knight (fast), an ettin
(fleeing), a large slime creature (fleeing) and a slime creature (fleeing).

Vanquished Creatures
  A nagaraja (D)
  A vampire knight (D)
  A boulder beetle (D)
  An ogre mage (D)
  A hell beast (D)
  A centaur warrior (D)
  A merfolk aquamancer (D)
  A two-headed ogre (D)
  A death knight (D)
  A sea snake (D)
  A phantasmal warrior (D)
  A bog body (D)
  A spriggan druid (D)
  A deep elf pyromancer (D)
  An orc sorcerer (D)
  A cyclops (D)
  2 ugly things (D)
  An orange demon (D)
  A cane toad (D)
  A gargoyle (D)
  Psyche (D)
  A komodo dragon (D)
  2 freezing wraiths (D)
  A hellwing (D)
  4 ice devils (D)
  A guardian mummy (D)
  A troll (D)
  A polar bear (D)
  3 merfolk (D)
  A slime creature (D)
  5 blink frogs (D)
  A snapping turtle (D)
  4 redbacks (D)
  A shadow (D)
  A ynoxinul (D)
  2 tarantellas (D)
  An air elemental (D)
  4 water elementals (D)
  2 fire bats (D)
  A wraith (D)
  4 vampire mosquitoes (D)
  Menkaure (D)
  A floating eye (D)
  A swamp drake (D)
  An ice beast (D)
  2 ogres (D)
  2 sky beasts (D)
  A necrophage (D)
  A centaur (D)
  2 scorpions (D)
  A gnoll sergeant (D)
  2 wights (D)
  2 crimson imps (D)
  2 quasits (D)
  An iron imp (D)
  A jelly (D)
  An orc priest (D)
  2 gnoll shamans (D)
  2 hell rats (D)
  A mummy (D)
  10 gnolls (D)
  A river rat (D)
  4 orcs (D)
  A goblin (D)
  3 jackals (D)
  A ball python skeleton (D)
  2 bats (D)
  2 frilled lizards (D)
  3 kobolds (D)
  2 rats (D)
119 creatures vanquished.

Notes
Turn   | Place    | Note
-------+----------+-------------------------------------------
     0 | D        | rocky1 the Formicid Fighter began the quest for the Orb.
     0 | D        | Reached XP level 1. HP: 18/18 MP: 1/1
    19 | D        | Noticed a scorpion
    24 | D        | Killed a scorpion
    25 | D        | Reached skill level 5 in Axes
    25 | D        | Reached XP level 2. HP: 12/24 MP: 2/2
    25 | D        | Reached XP level 3. HP: 15/29 MP: 3/3
    25 | D        | Reached XP level 4. HP: 18/35 MP: 4/4
    29 | D        | Found a bloodstained altar of Trog.
    29 | D        | Found a shimmering blue altar of Sif Muna.
    29 | D        | Found a viscous altar of Jiyva.
    29 | D        | Found a hazy altar of Hepliaklqana.
    29 | D        | Found an opulent altar of Gozag.
    30 | D        | Found a glowing golden altar of the Shining One.
    30 | D        | Found a glowing silver altar of Zin.
    30 | D        | Found a basalt altar of Yredelemnul.
    30 | D        | Found a shimmering altar of Xom.
    30 | D        | Found an ornate altar of the Wu Jian Council.
    30 | D        | Found a sacrificial altar of Ru.
    30 | D        | Found a stormy altar of Qazlal.
    30 | D        | Found an iron altar of Okawaru.
    30 | D        | Found a sparkling altar of Nemelex Xobeh.
    30 | D        | Found a burning altar of Makhleb.
    30 | D        | Found a blossoming altar of Fedhas.
    30 | D        | Found a white marble altar of Elyvilon.
    30 | D        | Found a shadowy altar of Dithmenos.
    30 | D        | Found a snail-covered altar of Cheibriados.
   174 | D        | Found a corrupted altar of Lugonu.
   174 | D        | Found a radiant altar of Vehumet.
   175 | D        | Found an ancient bone altar of Kikubaaqudgha.
   175 | D        | Found a hide-covered altar of Uskayaw.
   175 | D        | Found a broken altar of Ashenzari.
   182 | D        | Became a worshipper of Cheibriados the Contemplative
   246 | D        | Reached * piety under Cheibriados
   251 | D        | Reached skill level 1 in Invocations
   444 | D        | Reached ** piety under Cheibriados
   450 | D        | Reached *** piety under Cheibriados
   451 | D        | Reached skill level 2 in Invocations
   451 | D        | Reached XP level 5. HP: 38/41 MP: 4/7
   452 | D        | Reached skill level 3 in Invocations
   452 | D        | Reached **** piety under Cheibriados
   552 | D        | Reached ***** piety under Cheibriados
   553 | D        | Reached skill level 1 in Dodging
   553 | D        | Noticed a sky beast
   559 | D        | Killed a sky beast
   560 | D        | Reached skill level 5 in Invocations
   560 | D        | Reached XP level 6. HP: 48/50 MP: 2/9
   567 | D        | Reached skill level 5 in Armour
   621 | D        | Reached skill level 5 in Fighting
   623 | D        | Noticed an ice devil
   629 | D        | HP: 2/51 [ice devil (9)]
   641 | D        | Killed an ice devil
   642 | D        | Reached skill level 7 in Invocations
   642 | D        | Reached XP level 7. HP: 22/59 MP: 9/12
   851 | D        | Reached ****** piety under Cheibriados
   852 | D        | Reached skill level 5 in Dodging
   911 | D        | Noticed a cyclops
   914 | D        | Reached skill level 8 in Invocations
   914 | D        | Reached XP level 8. HP: 68/68 MP: 7/14
   920 | D        | Killed a cyclops
   921 | D        | Reached skill level 10 in Axes
   921 | D        | Reached skill level 9 in Invocations
  1166 | D        | Noticed a hellwing
  1166 | D        | Noticed a snapping turtle
  1183 | D        | Killed a hellwing
  1184 | D        | Reached skill level 10 in Invocations
  1184 | D        | Reached XP level 9. HP: 42/75 MP: 12/16
  1484 | D        | Killed a snapping turtle
  1509 | D        | Noticed a spriggan druid
  1512 | D        | Killed a spriggan druid
  1513 | D        | Reached skill level 12 in Invocations
  1681 | D        | Noticed a merfolk
  1688 | D        | Reached skill level 13 in Invocations
  1700 | D        | Reached XP level 10. HP: 51/82 MP: 20/20
  1705 | D        | Reached skill level 14 in Invocations
  1844 | D        | Noticed a brown ugly thing
  1848 | D        | Killed a brown ugly thing
  1867 | D        | Noticed a centaur warrior
  1871 | D        | Reached skill level 15 in Invocations
  1873 | D        | Killed a centaur warrior
  1881 | D        | Reached skill level 15 in Axes
  1881 | D        | Reached skill level 16 in Invocations
  2222 | D        | Noticed a cane toad
  2229 | D        | Killed a cane toad
  2230 | D        | Reached skill level 1 in Bows
  2278 | D        | Noticed an orc sorcerer
  2278 | D        | Noticed a komodo dragon
  2278 | D        | Noticed a gargoyle
  2281 | D        | Killed an orc sorcerer
  2282 | D        | Killed a komodo dragon
  2283 | D        | Reached XP level 11. HP: 65/89 MP: 17/23
  2547 | D        | Reached skill level 1 in Long Blades
  2547 | D        | Reached skill level 10 in Armour
  2809 | D        | Reached skill level 17 in Invocations
  2810 | D        | Noticed a phantasmal warrior
  2816 | D        | Killed a phantasmal warrior
  2817 | D        | Reached skill level 10 in Fighting
  2985 | D        | Noticed a sea snake
  2985 | D        | Noticed a two-headed ogre
  2986 | D        | Noticed a purple ugly thing
  2989 | D        | Killed a two-headed ogre
  3001 | D        | Killed a sea snake
  3002 | D        | Reached skill level 10 in Shields
  3017 | D        | Killed a purple ugly thing
  3019 | D        | Noticed a deep elf pyromancer
  3025 | D        | Killed a deep elf pyromancer
  3026 | D        | Reached skill level 5 in Bows
  3170 | D        | Noticed Psyche
  3174 | D        | Killed Psyche
  3243 | D        | Noticed Menkaure
  3244 | D        | Noticed a bog body
  3245 | D        | Killed Menkaure
  3246 | D        | Reached XP level 12. HP: 100/100 MP: 18/24
  3247 | D        | Reached skill level 5 in Long Blades
  3248 | D        | Noticed a death knight
  3260 | D        | Killed a death knight
  3261 | D        | Reached skill level 18 in Invocations
  3288 | D        | Got Ohiyqepn's Handbook of the Entourage and Darkness
  3482 | D        | Noticed a merfolk aquamancer
  3482 | D        | Noticed an ogre mage
  3486 | D        | Killed a merfolk aquamancer
  3492 | D        | Killed an ogre mage
  3504 | D        | Got the +9 lajatang of Beogh's Supremacy {vorpal, Int+2}
  3512 | D        | Got the Tome of Bewitching Snow
  3546 | D        | Noticed a hell beast
  3546 | D        | Noticed a nagaraja
  3555 | D        | Noticed a vampire knight
  3557 | D        | Killed a nagaraja
  3557 | D        | Noticed a boulder beetle
  3570 | D        | Killed a boulder beetle
  3571 | D        | Reached skill level 19 in Invocations
  3573 | D        | Killed a vampire knight
  3574 | D        | Reached skill level 5 in Staves
  3578 | D        | Killed a hell beast
  3579 | D        | Reached XP level 13. HP: 74/108 MP: 16/26
  3585 | D        | Reached skill level 20 in Invocations
  3587 | D        | Noticed a vampire knight
  3589 | D        | Noticed an ettin
  3595 | D        | Slain by a vampire knight

Illustrated notes

Levels and vault maps discovered:
D:        pitsprint [storerooms_1, entrance_room_1, metal_vault_2, armoury_2,
          mini_pit_1, grid_room_1, main_hall_1, silver_pit, the_coven_1,
          the_vestibule_1, steel_vault_1, golden_pit, hallway_of_sentries,
          crystal_vault_3, iron_vault_4, final_vault]

Skill      XL: |  1  2  3  4  5  6  7  8  9 10 11 12 13 |
---------------+----------------------------------------+-----
Axes           | 5 6 7 8 9 10 13 15 | 15.0
Shields        | 7 8 10 12 | 12.1
Invocations    | 2 5 7 8 10 13 16 17 19 20 | 20.1
Dodging        | 2 4 5 6 8 9 |  9.8
Fighting       | 4 6 7 8 9 11 12 | 12.1
Armour         | 4 6 7 8 9 11 12 | 12.2
Bows           | 2 5 6 |  6.0
Long Blades    | 4 5 |  5.5
Staves         | 6 7 |  7.5

Action                   |  1- 3 |  4- 6 |  7- 9 | 10-12 | 13-15 || total
-------------------------+-------+-------+-------+-------+-------++-------
Melee: War axe           |     4 |    70 |    59 |   132 |     9 ||   274
       Long sword        |       |       |       |    16 |       ||    16
Invok: Slouch            |       |     1 |     3 |     8 |     3 ||    15
       Bend Time         |       |     1 |       |       |       ||     1
  Use: Potion            |       |     2 |     4 |     3 |     3 ||    12
       Scroll            |       |       |       |       |     1 ||     1
 Stab: Invisible         |       |       |     2 |     4 |     1 ||     7
Armor: Scale mail        |     2 |    32 |    24 |    16 |       ||    74
Dodge: Dodged            |     2 |    28 |    79 |   111 |    10 ||   230
Block: Buckler           |       |    22 |    34 |    49 |     7 ||   112

Table legend: (Time is in decaauts)
 A = Elapsed time spent in this place.
 B = Non-inter-level travel time spent in this place.
 C = Inter-level travel time spent in this place.
 D = Time resting spent in this place.
 E = Time spent auto-exploring this place.
 F = Levels seen in this place.
 G = Mean time per level.
                   A        B        C        D        E       F      G
               +--------+--------+--------+--------+--------+-----+--------+
         Total |   4338 |   4230 |    108 |   2280 |      0 |   1 | 4338.0 |
       Dungeon |   4338 |   4230 |    108 |   2280 |      0 |   1 | 4338.0 |
               +--------+--------+--------+--------+--------+-----+--------+

Top non-repeatable levels by time:
       D: 4338 daAuts
